Thrashers vs Wild

Created - March 24 2011 at 18:00

Goals
1 2 3 T
Thrashers 1 0 2 3
Wild 3 1 1 5
Shots
1 2 3 T
Thrashers 14 14 10 38
Wild 10 11 6 27

Period #1

1. Wild , Rob Niedermayer 13 (Aaron Ward, Brian Willsie) at 6:14
2. Thrashers , Rene Bourque 28 (Mark Giordano, Mike Ribeiro) at 6:30
3. Wild , Mark Eaton 5 (Erik Cole, Alexei Ponikarovsky) at 9:48 (PP)
4. Wild , Joe Pavelski 38 (Francis Bouillon, Erik Cole) at 12:38

Penalties :
Francis Bouillon (MIN) for Delaying the game (Minor) at 2:15, Mark Eaton (MIN) for Interference (Minor) at 6:57, Ryan Malone (ATL) for Hooking (Minor) at 9:28, Martin St. Louis (MIN) for Holding (Minor) at 12:26, James Wisniewski (ATL) for Charging (Minor) at 12:26, Stephane Yelle (MIN) for Holding (Minor) at 18:35

Period #2

5. Wild , Kim Johnsson 3 (Olli Jokinen, Ilya Bryzgalov) at 15:45 (PP)

Penalties :
Ryan Malone (ATL) for Interference (Minor) at 0:50, Michal Rozsival (MIN) for Elbowing (Minor) at 4:03, Aaron Ward (MIN) for Hooking (Minor) at 7:29, Ryan Callahan (ATL) for Roughing (Minor) at 7:29, Erik Cole (MIN) for Tripping (Minor) at 10:28, James Wisniewski (ATL) for Holding (Minor) at 14:51, Erik Cole (MIN) for Holding (Minor) at 16:23

Period #3

6. Thrashers , Ryan Callahan 24 (Antoine Vermette, Marc Staal) at 0:34
7. Thrashers , Ryan Suter 11 (Mike Ribeiro, James Wisniewski) at 11:56 (PP)
8. Wild , Rob Niedermayer 14 (Brian Willsie, Aaron Ward) at 13:06

Penalties :
Alexei Ponikarovsky (MIN) for High sticking (Minor) at 1:22, Michal Rozsival (MIN) for Holding (Minor) at 3:16, Olli Jokinen (MIN) for Cross-checking (Minor) at 11:28, Milan Hejduk (MIN) for Charging (Minor) at 19:07

Goalie Stats

Roberto Luongo (ATL), 15 saves from 19 shots - (0.789), L, 41-26-4, 35:45 minutes
Steve Mason (ATL), 7 saves from 8 shots - (0.875), 24:15 minutes
Ilya Bryzgalov (MIN), 35 saves from 38 shots - (0.921), W, 40-24-5, 60:00 minutes

Players Stats

Thrashers
Player Name              G  A  P  +/- PIM S  H  SB FO    MP 
------------------------------------------------------------
Antoine Vermette         0  1  1  -2  0   5  0  1  9/13  24 
Benoit Pouliot           0  0  0  -1  0   0  0  0  0/0   2  
Brad Boyes               0  0  0   0  0   0  0  1  0/1   14 
Brenden Morrow           0  0  0  -1  0   0  0  0  0/0   4  
Brian Rolston            0  0  0   0  0   0  1  0  0/0   4  
Christian Ehrhoff        0  0  0   0  0   1  0  0  0/0   1  
Dave Bolland             0  0  0   0  0   1  1  1  6/13  11 
James Wisniewski         0  1  1   1  4   0  2  1  0/0   23 
Marc Staal               0  1  1  -1  0   2  0  1  0/0   24 
Mark Giordano            0  1  1   0  0   3  0  2  0/0   25 
Martin Erat              0  0  0   1  0   4  0  0  1/3   18 
Mike Ribeiro             0  2  2   1  0   1  1  0  23/35 21 
Nik Antropov             0  0  0   0  0   5  0  0  12/29 23 
Rene Bourque             1  0  1   0  0   7  1  0  1/5   22 
Ryan Callahan            1  0  1   0  2   3  2  0  1/1   20 
Ryan Malone              0  0  0   0  4   2  0  0  2/4   17 
Ryan Suter               1  0  1   0  0   3  0  1  0/0   17 
Sergei Gonchar           0  0  0  -2  0   1  0  0  0/0   24 
Wild
Player Name              G  A  P  +/- PIM S  H  SB FO    MP 
------------------------------------------------------------
Aaron Ward               0  2  2   2  2   1  2  3  0/0   19 
Alexei Ponikarovsky      0  1  1  -1  2   1  4  0  1/1   16 
Brian Willsie            0  2  2   2  0   2  0  0  0/0   15 
Chris Drury              0  0  0  -1  0   3  1  1  15/38 22 
Erik Cole                0  2  2   0  4   3  3  0  4/6   19 
Francis Bouillon         0  1  1   1  2   0  1  1  0/0   8  
Joe Pavelski             1  0  1   0  0   4  2  0  21/30 20 
Kim Johnsson             1  0  1   1  0   1  0  0  0/0   12 
Mark Eaton               1  0  1   0  2   1  0  3  0/0   23 
Martin St. Louis         0  0  0  -1  2   3  0  0  1/2   17 
Michal Rozsival          0  0  0  -2  4   1  8  5  0/0   23 
Milan Hejduk             0  0  0  -1  2   3  1  0  0/0   16 
Olli Jokinen             0  1  1   0  2   1  1  0  1/2   8  
Rob Niedermayer          2  0  2   2  0   3  1  0  6/24  19 
Robert Lang              0  0  0   1  0   0  0  0  0/0   1  
Ryan Whitney             0  0  0  -1  0   0  0  2  0/0   23 
Stephane Yelle           0  0  0   2  2   0  2  0  0/1   17 
Tim Wallace              0  0  0   0  0   0  0  0  0/0   0  

3 Stars

1 - Rob Niedermayer (MIN)
2 - Aaron Ward (MIN)
3 - Brian Willsie (MIN)

Power Play

Thrashers - 1 on 10 Attempt(s) - 10.00%
Wild - 2 on 3 Attempt(s) - 66.67%

Penalty Kill

Thrashers - 1 on 3 Attempt(s) - 33.33% - Score 0 goal in Penalty Kill
Wild - 9 on 10 Attempt(s) - 90.00% - Score 0 goal in Penalty Kill

Game Notes

Francis Bouillon is injured at 19:58 of 1st period (Broken Left Index Finger)
Steve Mason enters game at 15:45 of 2nd period

Finance

Level 1 -- Attendance: 4827 (74.26%) -- Ticket Income $482,700.00
Level 2 -- Attendance: 3981 (79.62%) -- Ticket Income $238,860.00
Level 3 -- Attendance: 3115 (89.00%) -- Ticket Income $109,025.00
Level 4 -- Attendance: 2064 (100.00%) -- Ticket Income $41,280.00
Luxury Box -- Attendance: 766 (76.60%) -- Ticket Income $153,200.00
Game was played at the Xcel Energy Center
Total Attendance: 14753 (81.67%)
Total Ticket Income: $1,045,746.00
Other Income: $207,709.80
Total Income: $1,253,456.00


Play by Play

Period #1

0:01 of 1st period - Chris Drury wins face-off versus Nik Antropov in neutral zone.
0:04 of 1st period - Antoine Vermette is hit by Alexei Ponikarovsky.
0:12 of 1st period - Shot by Alexei Ponikarovsky.
0:12 of 1st period - Shot Misses the Net.
0:20 of 1st period - Shot by Ryan Callahan.
0:20 of 1st period - Stopped by Ilya Bryzgalov without a rebound.
0:21 of 1st period - Rene Bourque wins face-off versus Joe Pavelski in Wild zone.
0:42 of 1st period - Shot by Joe Pavelski.
0:42 of 1st period - Shot Misses the Net.
0:46 of 1st period - Shot by Milan Hejduk.
0:46 of 1st period - Deflect By Joe Pavelski.
0:46 of 1st period - Shot Misses the Net.
0:48 of 1st period - Shot by Martin St. Louis.
0:48 of 1st period - Stopped by Roberto Luongo with a rebound.
0:59 of 1st period - Joe Pavelski is hit by James Wisniewski.
2:15 of 1st period - Minor Penalty to Francis Bouillon for Delaying the game.
2:16 of 1st period - Rob Niedermayer wins face-off versus Mike Ribeiro in Wild zone.
3:06 of 1st period - Antoine Vermette is hit by Michal Rozsival and loses puck.
3:55 of 1st period - Shot by Ryan Malone.
3:55 of 1st period - Stopped by Ilya Bryzgalov without a rebound.
3:56 of 1st period - Chris Drury wins face-off versus Mike Ribeiro in Wild zone.
4:08 of 1st period - Icing by Mark Giordano.
4:09 of 1st period - Rob Niedermayer wins face-off versus Mike Ribeiro in Thrashers zone.
4:28 of 1st period - Shot by Joe Pavelski.
4:28 of 1st period - Shot Blocked by Dave Bolland.
4:30 of 1st period - Shot by Joe Pavelski.
4:30 of 1st period - Stopped by Roberto Luongo without a rebound.
4:31 of 1st period - Antoine Vermette wins face-off versus Chris Drury in Thrashers zone.
4:38 of 1st period - Shot by Francis Bouillon.
4:38 of 1st period - Shot Misses the Net.
4:40 of 1st period - Shot by Alexei Ponikarovsky.
4:40 of 1st period - Shot Misses the Net.
4:42 of 1st period - Shot by Chris Drury.
4:42 of 1st period - Stopped by Roberto Luongo without a rebound.
4:43 of 1st period - Dave Bolland wins face-off versus Joe Pavelski in Thrashers zone.
4:54 of 1st period - Icing by Mike Ribeiro.
4:55 of 1st period - Dave Bolland wins face-off versus Chris Drury in Thrashers zone.
5:05 of 1st period - Icing by Francis Bouillon.
5:06 of 1st period - Chris Drury wins face-off versus Nik Antropov in Wild zone.
5:31 of 1st period - Shot by Alexei Ponikarovsky.
5:31 of 1st period - Shot Misses the Net.
5:48 of 1st period - Marc Staal is hit by Aaron Ward and loses puck.
6:14 of 1st period - Shot by Rob Niedermayer.
6:14 of 1st period - Goal by Rob Niedermayer - Thrashers : 0 - Wild : 1.
6:15 of 1st period - Joe Pavelski wins face-off versus Brad Boyes in neutral zone.
6:26 of 1st period - Shot by Dave Bolland.
6:26 of 1st period - Stopped by Ilya Bryzgalov without a rebound.
6:27 of 1st period - Mike Ribeiro wins face-off versus Joe Pavelski in Wild zone.
6:30 of 1st period - Shot by Rene Bourque.
6:30 of 1st period - Goal by Rene Bourque - Thrashers : 1 - Wild : 1.
6:31 of 1st period - Joe Pavelski wins face-off versus Mike Ribeiro in neutral zone.
6:44 of 1st period - Shot by Milan Hejduk.
6:44 of 1st period - Stopped by Roberto Luongo without a rebound.
6:45 of 1st period - Chris Drury wins face-off versus Dave Bolland in Thrashers zone.
6:57 of 1st period - Minor Penalty to Mark Eaton for Interference.
6:58 of 1st period - Mike Ribeiro wins face-off versus Rob Niedermayer in Wild zone.
7:05 of 1st period - Shot by Mike Ribeiro.
7:05 of 1st period - Stopped by Ilya Bryzgalov without a rebound.
7:06 of 1st period - Mike Ribeiro wins face-off versus Chris Drury in Wild zone.
7:07 of 1st period - Shot by Rene Bourque.
7:07 of 1st period - Stopped by Ilya Bryzgalov without a rebound.
7:08 of 1st period - Mike Ribeiro wins face-off versus Chris Drury in Wild zone.
7:31 of 1st period - Shot by Rene Bourque.
7:31 of 1st period - Stopped by Ilya Bryzgalov without a rebound.
7:32 of 1st period - Chris Drury wins face-off versus Nik Antropov in Wild zone.
8:07 of 1st period - Shot by Marc Staal.
8:07 of 1st period - Stopped by Ilya Bryzgalov without a rebound.
8:08 of 1st period - Mike Ribeiro wins face-off versus Rob Niedermayer in Wild zone.
8:09 of 1st period - Shot by Rene Bourque.
8:09 of 1st period - Stopped by Ilya Bryzgalov without a rebound.
8:10 of 1st period - Mike Ribeiro wins face-off versus Rob Niedermayer in Wild zone.
8:11 of 1st period - Shot by James Wisniewski.
8:11 of 1st period - Shot Misses the Net.
9:13 of 1st period - Shot by Martin St. Louis.
9:13 of 1st period - Stopped by Roberto Luongo without a rebound.
9:14 of 1st period - Dave Bolland wins face-off versus Chris Drury in Thrashers zone.
9:19 of 1st period - Shot by Alexei Ponikarovsky.
9:19 of 1st period - Shot Misses the Net.
9:21 of 1st period - Shot by Chris Drury.
9:21 of 1st period - Stopped by Roberto Luongo without a rebound.
9:22 of 1st period - Joe Pavelski wins face-off versus Dave Bolland in Thrashers zone.
9:28 of 1st period - Minor Penalty to Ryan Malone for Hooking.
9:29 of 1st period - Olli Jokinen wins face-off versus Antoine Vermette in Thrashers zone.
9:46 of 1st period - Shot by Erik Cole.
9:46 of 1st period - Shot Blocked by Antoine Vermette.
9:48 of 1st period - Shot by Mark Eaton.
9:48 of 1st period - Goal by Mark Eaton - Thrashers : 1 - Wild : 2.
9:49 of 1st period - Dave Bolland wins face-off versus Joe Pavelski in neutral zone.
10:27 of 1st period - Off-side.
10:28 of 1st period - Antoine Vermette wins face-off versus Chris Drury in neutral zone.
10:28 of 1st period - Nik Antropov is hit by Alexei Ponikarovsky and loses puck.
10:39 of 1st period - Icing by Sergei Gonchar.
10:40 of 1st period - Nik Antropov wins face-off versus Rob Niedermayer in Thrashers zone.
10:40 of 1st period - Nik Antropov is hit by Stephane Yelle.
11:10 of 1st period - Brian Willsie is hit by Ryan Callahan and loses puck.
11:55 of 1st period - Shot by Chris Drury.
11:55 of 1st period - Stopped by Roberto Luongo without a rebound.
11:56 of 1st period - Joe Pavelski wins face-off versus Dave Bolland in Thrashers zone.
11:57 of 1st period - Shot by Martin St. Louis.
11:57 of 1st period - Shot Misses the Net.
12:26 of 1st period - Minor Penalty to Martin St. Louis for Holding.
12:26 of 1st period - Minor Penalty to James Wisniewski for Charging.
12:27 of 1st period - Joe Pavelski wins face-off versus Rene Bourque in Thrashers zone.
12:38 of 1st period - Shot by Joe Pavelski.
12:38 of 1st period - Goal by Joe Pavelski - Thrashers : 1 - Wild : 3.
12:39 of 1st period - Chris Drury wins face-off versus Ryan Malone in neutral zone.
12:44 of 1st period - Icing by Ryan Suter.
12:45 of 1st period - Joe Pavelski wins face-off versus Nik Antropov in Thrashers zone.
13:04 of 1st period - Shot by Ryan Malone.
13:04 of 1st period - Shot Misses the Net.
13:29 of 1st period - Off-side.
13:30 of 1st period - Chris Drury wins face-off versus Rene Bourque in neutral zone.
14:15 of 1st period - Off-side.
14:16 of 1st period - Nik Antropov wins face-off versus Erik Cole in neutral zone.
14:34 of 1st period - James Wisniewski is hit by Rob Niedermayer and loses puck.
14:56 of 1st period - Kim Johnsson is hit by James Wisniewski and loses puck.
15:23 of 1st period - Icing by Kim Johnsson.
15:24 of 1st period - Antoine Vermette wins face-off versus Rob Niedermayer in Wild zone.
16:23 of 1st period - Shot by Ryan Malone.
16:23 of 1st period - Shot Misses the Net.
16:25 of 1st period - Shot by Christian Ehrhoff.
16:25 of 1st period - Stopped by Ilya Bryzgalov without a rebound.
16:26 of 1st period - Joe Pavelski wins face-off versus Dave Bolland in Wild zone.
16:26 of 1st period - Joe Pavelski is hit by Dave Bolland.
16:31 of 1st period - Off-side.
16:32 of 1st period - Joe Pavelski wins face-off versus Nik Antropov in neutral zone.
16:44 of 1st period - Off-side.
16:45 of 1st period - Ryan Malone wins face-off versus Joe Pavelski in neutral zone.
17:07 of 1st period - Ryan Malone is hit by Michal Rozsival and loses puck.
17:41 of 1st period - Off-side.
17:42 of 1st period - Erik Cole wins face-off versus Mike Ribeiro in neutral zone.
17:42 of 1st period - Erik Cole is hit by Mike Ribeiro.
18:16 of 1st period - Rene Bourque is hit by Francis Bouillon.
18:28 of 1st period - Rene Bourque is hit by Erik Cole.
18:35 of 1st period - Minor Penalty to Stephane Yelle for Holding.
18:36 of 1st period - Joe Pavelski wins face-off versus Nik Antropov in Wild zone.
18:53 of 1st period - Shot by Nik Antropov.
18:53 of 1st period - Shot Misses the Net.
18:55 of 1st period - Shot by Antoine Vermette.
18:55 of 1st period - Deflect By Nik Antropov.
18:55 of 1st period - Stopped by Ilya Bryzgalov with a rebound.
19:00 of 1st period - Shot by Ryan Suter.
19:00 of 1st period - Stopped by Ilya Bryzgalov without a rebound.
19:01 of 1st period - Mike Ribeiro wins face-off versus Chris Drury in Wild zone.
19:07 of 1st period - Martin Erat is hit by Aaron Ward and loses puck.
19:10 of 1st period - Shot by Mark Giordano.
19:10 of 1st period - Stopped by Ilya Bryzgalov without a rebound.
19:11 of 1st period - Nik Antropov wins face-off versus Rob Niedermayer in Wild zone.
19:26 of 1st period - Shot by Nik Antropov.
19:26 of 1st period - Shot Hit the Post.
19:30 of 1st period - Shot by Nik Antropov.
19:30 of 1st period - Shot Misses the Net.
19:32 of 1st period - Shot by Antoine Vermette.
19:32 of 1st period - Stopped by Ilya Bryzgalov without a rebound.
19:33 of 1st period - Rob Niedermayer wins face-off versus Martin Erat in Wild zone.
19:50 of 1st period - Shot by Rene Bourque.
19:50 of 1st period - Shot Misses the Net.
19:52 of 1st period - Shot by Rene Bourque.
19:52 of 1st period - Shot Misses the Net.
19:54 of 1st period - Shot by Rene Bourque.
19:54 of 1st period - Shot Blocked by Michal Rozsival.
19:58 of 1st period - Shot by Martin Erat.
19:58 of 1st period - Shot Blocked by Francis Bouillon.
19:58 of 1st period - Francis Bouillon from Wild is injured at 19:58 of 1st period (Broken Left Index Finger).
19:59 of 1st period - Chris Drury wins face-off versus Nik Antropov in Wild zone.

Period #2

0:01 of 2nd period - Chris Drury wins face-off versus Nik Antropov in neutral zone.
0:16 of 2nd period - Shot by Nik Antropov.
0:16 of 2nd period - Stopped by Ilya Bryzgalov without a rebound.
0:17 of 2nd period - Mike Ribeiro wins face-off versus Chris Drury in Wild zone.
0:50 of 2nd period - Minor Penalty to Ryan Malone for Interference.
0:51 of 2nd period - Antoine Vermette wins face-off versus Olli Jokinen in Thrashers zone.
1:12 of 2nd period - Shot by Erik Cole.
1:12 of 2nd period - Stopped by Roberto Luongo without a rebound.
1:13 of 2nd period - Joe Pavelski wins face-off versus Nik Antropov in Thrashers zone.
1:16 of 2nd period - Shot by Milan Hejduk.
1:16 of 2nd period - Stopped by Roberto Luongo without a rebound.
1:17 of 2nd period - Joe Pavelski wins face-off versus Nik Antropov in Thrashers zone.
4:02 of 2nd period - Shot by Martin Erat.
4:02 of 2nd period - Deflect By Mike Ribeiro.
4:02 of 2nd period - Shot Blocked by Ryan Whitney.
4:03 of 2nd period - Minor Penalty to Michal Rozsival for Elbowing.
4:04 of 2nd period - Nik Antropov wins face-off versus Erik Cole in Wild zone.
4:25 of 2nd period - Icing by Nik Antropov.
4:26 of 2nd period - Nik Antropov wins face-off versus Martin St. Louis in Thrashers zone.
5:09 of 2nd period - Off-side.
5:10 of 2nd period - Erik Cole wins face-off versus Martin Erat in neutral zone.
5:16 of 2nd period - Icing by Mike Ribeiro.
5:17 of 2nd period - Martin Erat wins face-off versus Rob Niedermayer in Thrashers zone.
5:32 of 2nd period - Shot by Martin Erat.
5:32 of 2nd period - Shot Blocked by Ryan Whitney.
5:34 of 2nd period - Shot by Mark Giordano.
5:34 of 2nd period - Stopped by Ilya Bryzgalov with a rebound.
5:36 of 2nd period - Shot by Rene Bourque.
5:36 of 2nd period - Shot Misses the Net.
5:38 of 2nd period - Shot by Mark Giordano.
5:38 of 2nd period - Shot Misses the Net.
5:40 of 2nd period - Shot by Mark Giordano.
5:40 of 2nd period - Stopped by Ilya Bryzgalov without a rebound.
5:41 of 2nd period - Nik Antropov wins face-off versus Chris Drury in Wild zone.
5:42 of 2nd period - Shot by Antoine Vermette.
5:42 of 2nd period - Stopped by Ilya Bryzgalov with a rebound.
5:44 of 2nd period - Shot by Marc Staal.
5:44 of 2nd period - Stopped by Ilya Bryzgalov with a rebound.
5:46 of 2nd period - Shot by Marc Staal.
5:46 of 2nd period - Shot Blocked by Mark Eaton.
5:48 of 2nd period - Shot by Antoine Vermette.
5:48 of 2nd period - Stopped by Ilya Bryzgalov without a rebound.
5:49 of 2nd period - Chris Drury wins face-off versus Nik Antropov in Wild zone.
5:55 of 2nd period - Icing by Ryan Callahan.
5:56 of 2nd period - Erik Cole wins face-off versus Nik Antropov in Thrashers zone.
6:33 of 2nd period - Shot by Brad Boyes.
6:33 of 2nd period - Shot Misses the Net.
6:35 of 2nd period - Shot by Ryan Malone.
6:35 of 2nd period - Shot Misses the Net.
6:37 of 2nd period - Shot by Dave Bolland.
6:37 of 2nd period - Shot Misses the Net.
6:46 of 2nd period - Off-side.
6:47 of 2nd period - Mike Ribeiro wins face-off versus Chris Drury in neutral zone.
7:18 of 2nd period - Shot by Erik Cole.
7:18 of 2nd period - Stopped by Roberto Luongo without a rebound.
7:19 of 2nd period - Nik Antropov wins face-off versus Rob Niedermayer in Thrashers zone.
7:29 of 2nd period - Minor Penalty to Aaron Ward for Hooking.
7:29 of 2nd period - Minor Penalty to Ryan Callahan for Roughing.
7:30 of 2nd period - Joe Pavelski wins face-off versus Antoine Vermette in Wild zone.
7:30 of 2nd period - Joe Pavelski is hit by Rene Bourque.
7:33 of 2nd period - Icing by Michal Rozsival.
7:34 of 2nd period - Joe Pavelski wins face-off versus Nik Antropov in Wild zone.
7:53 of 2nd period - Shot by Nik Antropov.
7:53 of 2nd period - Shot Misses the Net.
7:55 of 2nd period - Shot by Nik Antropov.
7:55 of 2nd period - Shot Misses the Net.
8:20 of 2nd period - Icing by Sergei Gonchar.
8:21 of 2nd period - Antoine Vermette wins face-off versus Chris Drury in Thrashers zone.
8:21 of 2nd period - Antoine Vermette is hit by Chris Drury.
8:33 of 2nd period - Shot by Rene Bourque.
8:33 of 2nd period - Shot Misses the Net.
8:55 of 2nd period - Shot by Chris Drury.
8:55 of 2nd period - Shot Misses the Net.
8:59 of 2nd period - Shot by Olli Jokinen.
8:59 of 2nd period - Stopped by Roberto Luongo without a rebound.
9:00 of 2nd period - Nik Antropov wins face-off versus Joe Pavelski in Thrashers zone.
9:02 of 2nd period - Icing by Ryan Malone.
9:03 of 2nd period - Joe Pavelski wins face-off versus Nik Antropov in Thrashers zone.
9:15 of 2nd period - Shot by Joe Pavelski.
9:15 of 2nd period - Shot Blocked by James Wisniewski.
9:17 of 2nd period - Shot by Joe Pavelski.
9:17 of 2nd period - Stopped by Roberto Luongo without a rebound.
9:18 of 2nd period - Martin St. Louis wins face-off versus Nik Antropov in Thrashers zone.
9:23 of 2nd period - Shot by Milan Hejduk.
9:23 of 2nd period - Shot Blocked by Ryan Suter.
9:45 of 2nd period - Shot by Aaron Ward.
9:45 of 2nd period - Shot Blocked by Marc Staal.
10:05 of 2nd period - Shot by Kim Johnsson.
10:05 of 2nd period - Shot Blocked by Brad Boyes.
10:28 of 2nd period - Minor Penalty to Erik Cole for Tripping.
10:29 of 2nd period - Mike Ribeiro wins face-off versus Rob Niedermayer in Wild zone.
10:50 of 2nd period - Shot by Martin Erat.
10:50 of 2nd period - Stopped by Ilya Bryzgalov without a rebound.
10:51 of 2nd period - Chris Drury wins face-off versus Antoine Vermette in Wild zone.
11:40 of 2nd period - Shot by Martin Erat.
11:40 of 2nd period - Stopped by Ilya Bryzgalov without a rebound.
11:41 of 2nd period - Mike Ribeiro wins face-off versus Chris Drury in Wild zone.
11:44 of 2nd period - Shot by Rene Bourque.
11:44 of 2nd period - Stopped by Ilya Bryzgalov without a rebound.
11:45 of 2nd period - Chris Drury wins face-off versus Mike Ribeiro in Wild zone.
11:58 of 2nd period - Shot by Rene Bourque.
11:58 of 2nd period - Stopped by Ilya Bryzgalov without a rebound.
11:59 of 2nd period - Nik Antropov wins face-off versus Chris Drury in Wild zone.
12:35 of 2nd period - Shot by Erik Cole.
12:35 of 2nd period - Stopped by Roberto Luongo without a rebound.
12:36 of 2nd period - Joe Pavelski wins face-off versus Rene Bourque in Thrashers zone.
12:39 of 2nd period - Shot by Martin St. Louis.
12:39 of 2nd period - Shot Blocked by Mark Giordano.
12:43 of 2nd period - Shot by Martin St. Louis.
12:43 of 2nd period - Shot Misses the Net.
12:45 of 2nd period - Shot by Milan Hejduk.
12:45 of 2nd period - Shot Misses the Net.
12:47 of 2nd period - Shot by Joe Pavelski.
12:47 of 2nd period - Stopped by Roberto Luongo without a rebound.
12:48 of 2nd period - Dave Bolland wins face-off versus Chris Drury in Thrashers zone.
14:16 of 2nd period - Shot by Martin St. Louis.
14:16 of 2nd period - Shot Hit the Post.
14:51 of 2nd period - Minor Penalty to James Wisniewski for Holding.
14:52 of 2nd period - Mike Ribeiro wins face-off versus Joe Pavelski in Thrashers zone.
14:58 of 2nd period - Icing by Martin St. Louis.
14:59 of 2nd period - Joe Pavelski wins face-off versus Mike Ribeiro in Wild zone.
15:06 of 2nd period - Ryan Suter is hit by Milan Hejduk and loses puck.
15:15 of 2nd period - Shot by Michal Rozsival.
15:15 of 2nd period - Shot Misses the Net.
15:17 of 2nd period - Shot by Michal Rozsival.
15:17 of 2nd period - Stopped by Roberto Luongo without a rebound.
15:18 of 2nd period - Erik Cole wins face-off versus Rene Bourque in Thrashers zone.
15:45 of 2nd period - Shot by Kim Johnsson.
15:45 of 2nd period - Goal by Kim Johnsson - Thrashers : 1 - Wild : 4.
15:45 of 2nd period - Steve Mason enters game.
15:46 of 2nd period - Mike Ribeiro wins face-off versus Rob Niedermayer in neutral zone.
15:51 of 2nd period - Shot by Rene Bourque.
15:51 of 2nd period - Shot Blocked by Aaron Ward.
16:15 of 2nd period - Shot by Brian Willsie.
16:15 of 2nd period - Stopped by Steve Mason without a rebound.
16:16 of 2nd period - Chris Drury wins face-off versus Antoine Vermette in Thrashers zone.
16:19 of 2nd period - Shot by Alexei Ponikarovsky.
16:19 of 2nd period - Stopped by Steve Mason without a rebound.
16:20 of 2nd period - Nik Antropov wins face-off versus Chris Drury in Thrashers zone.
16:20 of 2nd period - Nik Antropov is hit by Alexei Ponikarovsky.
16:23 of 2nd period - Minor Penalty to Erik Cole for Holding.
16:24 of 2nd period - Antoine Vermette wins face-off versus Rob Niedermayer in Wild zone.
16:33 of 2nd period - Shot by Nik Antropov.
16:33 of 2nd period - Stopped by Ilya Bryzgalov without a rebound.
16:34 of 2nd period - Mike Ribeiro wins face-off versus Chris Drury in Wild zone.
17:19 of 2nd period - Icing by Martin Erat.
17:20 of 2nd period - Mike Ribeiro wins face-off versus Chris Drury in Thrashers zone.
17:28 of 2nd period - Icing by Mike Ribeiro.
17:29 of 2nd period - Rob Niedermayer wins face-off versus Mike Ribeiro in Thrashers zone.
18:12 of 2nd period - Shot by Sergei Gonchar.
18:12 of 2nd period - Shot Blocked by Michal Rozsival.
18:16 of 2nd period - Shot by Antoine Vermette.
18:16 of 2nd period - Deflect By Nik Antropov.
18:16 of 2nd period - Stopped by Ilya Bryzgalov with a rebound.
18:20 of 2nd period - Shot by Marc Staal.
18:20 of 2nd period - Shot Misses the Net.
19:31 of 2nd period - Shot by Sergei Gonchar.
19:31 of 2nd period - Stopped by Ilya Bryzgalov without a rebound.
19:32 of 2nd period - Antoine Vermette wins face-off versus Rob Niedermayer in Wild zone.
19:37 of 2nd period - Shot by Brenden Morrow.
19:37 of 2nd period - Shot Misses the Net.
19:41 of 2nd period - Shot by Antoine Vermette.
19:41 of 2nd period - Stopped by Ilya Bryzgalov without a rebound.
19:42 of 2nd period - Chris Drury wins face-off versus Mike Ribeiro in Wild zone.

Period #3

0:01 of 3rd period - Chris Drury wins face-off versus Nik Antropov in neutral zone.
0:17 of 3rd period - Antoine Vermette is hit by Michal Rozsival and loses puck.
0:28 of 3rd period - Shot by Antoine Vermette.
0:28 of 3rd period - Shot Blocked by Mark Eaton.
0:32 of 3rd period - Shot by Antoine Vermette.
0:32 of 3rd period - Shot Misses the Net.
0:34 of 3rd period - Shot by Ryan Callahan.
0:34 of 3rd period - Goal by Ryan Callahan - Thrashers : 2 - Wild : 4.
0:35 of 3rd period - Mike Ribeiro wins face-off versus Stephane Yelle in neutral zone.
0:50 of 3rd period - Shot by Rob Niedermayer.
0:50 of 3rd period - Stopped by Steve Mason without a rebound.
0:51 of 3rd period - Joe Pavelski wins face-off versus Dave Bolland in Thrashers zone.
0:54 of 3rd period - Shot by Milan Hejduk.
0:54 of 3rd period - Stopped by Steve Mason with a rebound.
1:07 of 3rd period - Ryan Malone is hit by Joe Pavelski and loses puck.
1:11 of 3rd period - Off-side.
1:12 of 3rd period - Nik Antropov wins face-off versus Chris Drury in neutral zone.
1:14 of 3rd period - Marc Staal is hit by Michal Rozsival and loses puck.
1:21 of 3rd period - Marc Staal is hit by Erik Cole.
1:22 of 3rd period - Minor Penalty to Alexei Ponikarovsky for High sticking.
1:23 of 3rd period - Mike Ribeiro wins face-off versus Rob Niedermayer in Wild zone.
2:44 of 3rd period - Icing by Nik Antropov.
2:45 of 3rd period - Rob Niedermayer wins face-off versus Nik Antropov in Thrashers zone.
3:16 of 3rd period - Minor Penalty to Michal Rozsival for Holding.
3:17 of 3rd period - Ryan Callahan wins face-off versus Chris Drury in Wild zone.
3:26 of 3rd period - Shot by Nik Antropov.
3:26 of 3rd period - Shot Blocked by Aaron Ward.
3:40 of 3rd period - Shot by Antoine Vermette.
3:40 of 3rd period - Shot Blocked by Mark Eaton.
3:42 of 3rd period - Shot by Antoine Vermette.
3:42 of 3rd period - Deflect By Nik Antropov.
3:42 of 3rd period - Stopped by Ilya Bryzgalov without a rebound.
3:43 of 3rd period - Mike Ribeiro wins face-off versus Chris Drury in Wild zone.
3:52 of 3rd period - Shot by Ryan Suter.
3:52 of 3rd period - Stopped by Ilya Bryzgalov with a rebound.
3:54 of 3rd period - Shot by Martin Erat.
3:54 of 3rd period - Stopped by Ilya Bryzgalov with a rebound.
5:40 of 3rd period - Shot by Milan Hejduk.
5:40 of 3rd period - Shot Misses the Net.
5:42 of 3rd period - Shot by Milan Hejduk.
5:42 of 3rd period - Deflect By Martin St. Louis.
5:42 of 3rd period - Stopped by Steve Mason without a rebound.
5:43 of 3rd period - Antoine Vermette wins face-off versus Chris Drury in Thrashers zone.
5:43 of 3rd period - Antoine Vermette is hit by Alexei Ponikarovsky.
6:27 of 3rd period - Benoit Pouliot is hit by Stephane Yelle and loses puck.
6:42 of 3rd period - Off-side.
6:43 of 3rd period - Joe Pavelski wins face-off versus Mike Ribeiro in neutral zone.
7:06 of 3rd period - Martin Erat is hit by Michal Rozsival and loses puck.
7:13 of 3rd period - Shot by Martin Erat.
7:13 of 3rd period - Shot Misses the Net.
7:15 of 3rd period - Shot by James Wisniewski.
7:15 of 3rd period - Shot Misses the Net.
7:22 of 3rd period - Icing by Martin St. Louis.
7:23 of 3rd period - Dave Bolland wins face-off versus Joe Pavelski in Wild zone.
7:23 of 3rd period - Dave Bolland is hit by Michal Rozsival.
8:28 of 3rd period - Shot by Rene Bourque.
8:28 of 3rd period - Shot Blocked by Michal Rozsival.
8:30 of 3rd period - Shot by Mike Ribeiro.
8:30 of 3rd period - Shot Misses the Net.
8:34 of 3rd period - Shot by Rene Bourque.
8:34 of 3rd period - Shot Blocked by Michal Rozsival.
8:36 of 3rd period - Shot by Mark Giordano.
8:36 of 3rd period - Shot Blocked by Michal Rozsival.
8:58 of 3rd period - Erik Cole is hit by Ryan Callahan and loses puck.
10:05 of 3rd period - Shot by Rob Niedermayer.
10:05 of 3rd period - Shot Misses the Net.
10:09 of 3rd period - Shot by Brian Willsie.
10:09 of 3rd period - Shot Misses the Net.
10:11 of 3rd period - Shot by Rob Niedermayer.
10:11 of 3rd period - Deflect By Brian Willsie.
10:11 of 3rd period - Stopped by Steve Mason without a rebound.
10:12 of 3rd period - Alexei Ponikarovsky wins face-off versus Dave Bolland in Thrashers zone.
10:56 of 3rd period - Icing by Mark Eaton.
10:57 of 3rd period - Mike Ribeiro wins face-off versus Chris Drury in Wild zone.
11:14 of 3rd period - Shot by Martin Erat.
11:14 of 3rd period - Shot Misses the Net.
11:27 of 3rd period - Mike Ribeiro is hit by Olli Jokinen and loses puck.
11:28 of 3rd period - Minor Penalty to Olli Jokinen for Cross-checking.
11:29 of 3rd period - Mike Ribeiro wins face-off versus Rob Niedermayer in Wild zone.
11:32 of 3rd period - Shot by Martin Erat.
11:32 of 3rd period - Stopped by Ilya Bryzgalov without a rebound.
11:33 of 3rd period - Mike Ribeiro wins face-off versus Rob Niedermayer in Wild zone.
11:42 of 3rd period - Shot by Rene Bourque.
11:42 of 3rd period - Stopped by Ilya Bryzgalov without a rebound.
11:43 of 3rd period - Mike Ribeiro wins face-off versus Rob Niedermayer in Wild zone.
11:50 of 3rd period - Shot by Ryan Suter.
11:50 of 3rd period - Shot Blocked by Aaron Ward.
11:52 of 3rd period - Shot by James Wisniewski.
11:52 of 3rd period - Shot Misses the Net.
11:54 of 3rd period - Shot by Mike Ribeiro.
11:54 of 3rd period - Shot Misses the Net.
11:56 of 3rd period - Shot by Ryan Suter.
11:56 of 3rd period - Goal by Ryan Suter - Thrashers : 3 - Wild : 4.
11:57 of 3rd period - Rob Niedermayer wins face-off versus Dave Bolland in neutral zone.
12:10 of 3rd period - Shot by Aaron Ward.
12:10 of 3rd period - Stopped by Steve Mason without a rebound.
12:11 of 3rd period - Ryan Malone wins face-off versus Joe Pavelski in Thrashers zone.
13:02 of 3rd period - Shot by Aaron Ward.
13:02 of 3rd period - Shot Misses the Net.
13:04 of 3rd period - Shot by Brian Willsie.
13:04 of 3rd period - Shot Misses the Net.
13:06 of 3rd period - Shot by Rob Niedermayer.
13:06 of 3rd period - Goal by Rob Niedermayer - Thrashers : 3 - Wild : 5.
13:07 of 3rd period - Mike Ribeiro wins face-off versus Chris Drury in neutral zone.
13:29 of 3rd period - Mike Ribeiro is hit by Michal Rozsival and loses puck.
15:44 of 3rd period - Icing by Brian Rolston.
15:45 of 3rd period - Joe Pavelski wins face-off versus Ryan Malone in Thrashers zone.
15:45 of 3rd period - Joe Pavelski is hit by Brian Rolston.
16:04 of 3rd period - Shot by Ryan Malone.
16:04 of 3rd period - Stopped by Ilya Bryzgalov without a rebound.
16:05 of 3rd period - Joe Pavelski wins face-off versus Mike Ribeiro in Wild zone.
16:22 of 3rd period - Rene Bourque is hit by Michal Rozsival and loses puck.
17:35 of 3rd period - Shot by Antoine Vermette.
17:35 of 3rd period - Shot Blocked by Chris Drury.
17:37 of 3rd period - Shot by Antoine Vermette.
17:37 of 3rd period - Stopped by Ilya Bryzgalov without a rebound.
17:38 of 3rd period - Joe Pavelski wins face-off versus Mike Ribeiro in Wild zone.
17:51 of 3rd period - Rene Bourque is hit by Joe Pavelski and loses puck.
18:17 of 3rd period - Rene Bourque is hit by Erik Cole and loses puck.
18:28 of 3rd period - Shot by Erik Cole.
18:28 of 3rd period - Shot Misses the Net.
18:38 of 3rd period - Shot by Olli Jokinen.
18:38 of 3rd period - Shot Blocked by Mark Giordano.
19:07 of 3rd period - Minor Penalty to Milan Hejduk for Charging.
19:08 of 3rd period - Antoine Vermette wins face-off versus Rob Niedermayer in Wild zone.
19:09 of 3rd period - Shot by Ryan Callahan.
19:09 of 3rd period - Stopped by Ilya Bryzgalov without a rebound.
19:10 of 3rd period - Nik Antropov wins face-off versus Rob Niedermayer in Wild zone.


Output by the SimonT Hockey Simulator (STHS) for Stephane Roy -- Original Page W3C XHTML 1.0 Valid